[ AOE2 MATCH · #463003173 ]
Team RMBurmese vs Mongols
[ REPLAY ANALYSIS · EXTRACTED FROM THE RECORDED GAME ]
Feudal
—
Castle
—
Imperial
—
| APM avg | 12.1 |
| APM peak | 36 |
| eAPM avg | 10.5 |
| Villagers / military | 146 / 568 |
Focus
⚔️ 33.8% · 🌾 66.2%
Spearman ×390 · Militia ×176 · Trebuchet (Packed) ×2
Feudal
—
Castle
—
Imperial
—
| APM avg | 15.9 |
| APM peak | 61 |
| eAPM avg | 11.5 |
| Villagers / military | 115 / 176 |
Focus
⚔️ 42.0% · 🌾 58.0%
Spearman ×82 · Skirmisher ×55 · Battering Ram ×30 · Trade Cart ×20 · Monk ×5 · Scout Cavalry ×4
Feudal
11:46
Castle
15:34
Imperial
38:41
| APM avg | 21.5 |
| APM peak | 49 |
| eAPM avg | 11.4 |
| Villagers / military | 169 / 205 |
Focus
⚔️ 28.7% · 🌾 71.3%
Scout Cavalry ×140 · Mangudai ×56 · Trebuchet (Packed) ×5 · Spearman ×3 · Monk ×1
Feudal
—
Castle
—
Imperial
—
| APM avg | 28.2 |
| APM peak | 71 |
| eAPM avg | 14.1 |
| Villagers / military | 109 / 209 |
Focus
⚔️ 45.2% · 🌾 54.8%
Hand Cannoneer ×79 · Scout Cavalry ×48 · Camel Scout ×44 · Ghulam ×20 · Bombard Cannon ×18
Feudal
14:18
Castle
32:39
Imperial
—
| APM avg | 11.7 |
| APM peak | 33 |
| eAPM avg | 6.3 |
| Villagers / military | 54 / 101 |
Focus
⚔️ 35.8% · 🌾 64.2%
Camel Scout ×67 · Knight ×17 · Spearman ×11 · Militia ×6
Feudal
—
Castle
—
Imperial
—
| APM avg | 12.9 |
| APM peak | 48 |
| eAPM avg | 8.3 |
| Villagers / military | 121 / 71 |
Focus
⚔️ 37.1% · 🌾 62.9%
Tarkan ×66 · Knight ×5
Match map
Resources at game start + every placement click. Thick line = wall · dashed box = detected house wall. 🟡 gold · ⚪ stone · 🟢 berries · 🔶 boar · ⭕ relic
Inputs per minute
— BabyLeon2021 - - MotteGorilla14
Build order — BabyLeon2021
First 150 of 457 actions detected
| 0:00 | Create | Villager (Male) |
| 0:00 | Create | Villager (Male) |
| 0:00 | Create | Villager (Male) |
| 0:00 | Create | Villager (Male) |
| 0:05 | Build | House |
| 0:07 | Build | House |
| 1:33 | Create | Villager (Male) |
| 1:33 | Create | Villager (Male) |
| 1:33 | Create | Villager (Male) |
| 2:04 | Create | Villager (Male) |
| 2:11 | Build | Lumber Camp |
| 2:20 | Create | Villager (Male) |
| 2:20 | Create | Villager (Male) |
| 2:50 | Create | Villager (Male) |
| 2:50 | Create | Villager (Male) |
| 2:50 | Create | Villager (Male) |
| 3:06 | Build | House |
| 3:09 | Create | Villager (Male) |
| 3:09 | Create | Villager (Male) |
| 3:09 | Create | Villager (Male) |
| 5:14 | Create | Villager (Male) |
| 5:14 | Create | Villager (Male) |
| 5:27 | Build | House |
| 6:00 | Build | Mill |
| 6:20 | Create | Villager (Male) |
| 6:20 | Create | Villager (Male) |
| 6:20 | Create | Villager (Male) |
| 6:38 | Build | House |
| 7:24 | Create | Villager (Male) |
| 7:24 | Create | Villager (Male) |
| 7:24 | Create | Villager (Male) |
| 7:24 | Create | Villager (Male) |
| 8:09 | Build | House |
| 8:18 | Build | House |
| 8:25 | Research | Loom |
| 8:44 | Create | Villager (Male) |
| 8:44 | Create | Villager (Male) |
| 9:22 | Create | Villager (Male) |
| 9:22 | Create | Villager (Male) |
| 9:23 | Create | Villager (Male) |
| 10:09 | Build | Mill |
| 10:13 | Create | Villager (Male) |
| 10:43 | Create | Villager (Male) |
| 10:44 | Create | Villager (Male) |
| 10:44 | Create | Villager (Male) |
| 10:44 | Create | Villager (Male) |
| 11:17 | Create | Villager (Male) |
| 11:51 | Create | Villager (Male) |
| 12:12 | Create | Villager (Male) |
| 12:57 | Research | Feudal Age |
| 13:16 | Build | Farm |
| 13:17 | Build | Farm |
| 13:18 | Build | Farm |
| 13:20 | Build | Farm |
| 13:26 | Build | Farm |
| 13:27 | Build | Farm |
| 13:29 | Build | Farm |
| 13:30 | Build | Farm |
| 13:35 | Build | Farm |
| 13:53 | Build | Mining Camp |
| 13:57 | Build | Farm |
| 14:00 | Build | Farm |
| 14:14 | Create | Villager (Male) |
| 14:14 | Create | Villager (Male) |
| 14:15 | Create | Villager (Male) |
| 17:07 | Create | Villager (Male) |
| 17:07 | Create | Villager (Male) |
| 17:07 | Create | Villager (Male) |
| 17:08 | Create | Villager (Male) |
| 17:18 | Build | Blacksmith |
| 17:30 | Build | Market |
| 17:45 | Create | Villager (Male) |
| 17:45 | Create | Villager (Male) |
| 18:01 | Research | Gold Mining |
| 18:13 | Research | Horse Collar |
| 18:17 | Research | Wheelbarrow |
| 18:18 | Research | Town Watch |
| 18:33 | Build | Mining Camp |
| 18:37 | Research | Castle Age |
| 18:41 | Research | Wheelbarrow |
| 18:42 | Research | Town Watch |
| 18:51 | Research | Stone Mining |
| 20:09 | Build | House |
| 20:10 | Build | House |
| 20:13 | Build | House |
| 20:15 | Build | House |
| 20:16 | Build | House |
| 20:17 | Build | House |
| 20:17 | Build | House |
| 21:32 | Build | Town Center |
| 21:43 | Create | Villager (Male) |
| 21:50 | Research | Gold Shaft Mining |
| 22:14 | Research | Heavy Plow |
| 22:56 | Build | Town Center |
| 23:00 | Create | Villager (Male) |
| 23:00 | Create | Villager (Male) |
| 23:00 | Create | Villager (Male) |
| 23:01 | Create | Villager (Male) |
| 23:01 | Create | Villager (Male) |
| 23:09 | Build | Farm |
| 23:26 | Create | Villager (Male) |
| 23:26 | Create | Villager (Male) |
| 23:26 | Create | Villager (Male) |
| 23:26 | Create | Villager (Male) |
| 23:27 | Create | Villager (Male) |
| 23:38 | Create | Villager (Male) |
| 24:12 | Build | Farm |
| 24:15 | Build | Farm |
| 24:34 | Create | Villager (Male) |
| 24:34 | Create | Villager (Male) |
| 24:34 | Create | Villager (Male) |
| 24:35 | Create | Villager (Male) |
| 24:41 | Create | Villager (Male) |
| 24:41 | Create | Villager (Male) |
| 24:57 | Build | Farm |
| 24:58 | Build | Farm |
| 25:11 | Create | Villager (Male) |
| 25:11 | Create | Villager (Male) |
| 25:11 | Create | Villager (Male) |
| 25:25 | Create | Villager (Male) |
| 25:25 | Create | Villager (Male) |
| 25:48 | Build | Town Center |
| 25:49 | Create | Villager (Male) |
| 25:49 | Create | Villager (Male) |
| 25:49 | Create | Villager (Male) |
| 25:52 | Create | Villager (Male) |
| 25:52 | Create | Villager (Male) |
| 25:52 | Create | Villager (Male) |
| 25:55 | Research | Hand Cart |
| 25:59 | Create | Villager (Male) |
| 25:59 | Create | Villager (Male) |
| 25:59 | Create | Villager (Male) |
| 26:03 | Create | Villager (Male) |
| 26:03 | Create | Villager (Male) |
| 26:03 | Create | Villager (Male) |
| 26:03 | Create | Villager (Male) |
| 26:15 | Create | Villager (Male) |
| 26:15 | Create | Villager (Male) |
| 26:15 | Create | Villager (Male) |
| 26:19 | Create | Villager (Male) |
| 26:19 | Create | Villager (Male) |
| 26:20 | Create | Villager (Male) |
| 26:20 | Create | Villager (Male) |
| 26:27 | Create | Villager (Male) |
| 26:27 | Create | Villager (Male) |
| 26:27 | Create | Villager (Male) |
| 26:27 | Create | Villager (Male) |
| 26:27 | Create | Villager (Male) |
| 26:39 | Create | Villager (Male) |
| 26:39 | Create | Villager (Male) |
Build order — MotteGorilla14
First 150 of 517 actions detected
| 0:05 | Build | House |
| 0:08 | Build | House |
| 0:09 | Create | Villager (Male) |
| 0:09 | Create | Villager (Male) |
| 0:09 | Create | Villager (Male) |
| 0:10 | Create | Villager (Male) |
| 1:44 | Create | Villager (Male) |
| 2:30 | Create | Villager (Male) |
| 2:55 | Create | Villager (Male) |
| 3:30 | Build | Mule Cart |
| 3:31 | Create | Villager (Male) |
| 3:44 | Create | Villager (Male) |
| 3:50 | Build | House |
| 3:52 | Build | House |
| 4:20 | Create | Villager (Male) |
| 4:39 | Build | Mill |
| 4:45 | Create | Villager (Male) |
| 5:56 | Create | Villager (Male) |
| 5:57 | Create | Villager (Male) |
| 6:48 | Create | Villager (Male) |
| 6:49 | Create | Villager (Male) |
| 7:41 | Create | Villager (Male) |
| 7:41 | Create | Villager (Male) |
| 7:41 | Create | Villager (Male) |
| 9:08 | Research | Feudal Age |
| 9:29 | Build | House |
| 9:30 | Build | House |
| 10:48 | Build | Barracks |
| 11:24 | Create | Villager (Male) |
| 11:24 | Create | Villager (Male) |
| 11:55 | Build | Stable |
| 12:01 | Create | Villager (Male) |
| 12:01 | Create | Villager (Male) |
| 12:35 | Build | Blacksmith |
| 12:42 | Create | Scout Cavalry |
| 12:42 | Create | Scout Cavalry |
| 13:17 | Create | Villager (Male) |
| 13:17 | Create | Villager (Male) |
| 13:22 | Research | Double-Bit Axe |
| 13:25 | Create | Scout Cavalry |
| 13:33 | Build | Mule Cart |
| 13:37 | Create | Villager (Male) |
| 13:58 | Research | Forging |
| 14:24 | Create | Villager (Male) |
| 14:24 | Create | Villager (Male) |
| 14:28 | Build | Farm |
| 14:33 | Build | Farm |
| 14:34 | Build | Farm |
| 14:34 | Build | Farm |
| 14:35 | Build | Farm |
| 14:36 | Build | Farm |
| 14:36 | Build | Farm |
| 14:37 | Build | Farm |
| 14:38 | Build | Farm |
| 14:39 | Build | Farm |
| 14:39 | Build | Farm |
| 14:40 | Build | Farm |
| 14:44 | Build | Farm |
| 15:00 | Build | House |
| 15:23 | Build | Farm |
| 15:24 | Build | Farm |
| 15:27 | Build | Farm |
| 15:31 | Build | Farm |
| 15:36 | Create | Villager (Male) |
| 16:16 | Build | Farm |
| 17:13 | Create | Villager (Male) |
| 17:14 | Create | Villager (Male) |
| 17:20 | Create | Scout Cavalry |
| 17:23 | Research | Scale Barding Armor |
| 18:38 | Create | Villager (Male) |
| 18:38 | Create | Villager (Male) |
| 18:39 | Create | Villager (Male) |
| 18:44 | Build | Farm |
| 18:46 | Build | Farm |
| 18:49 | Research | Horse Collar |
| 19:03 | Create | Villager (Male) |
| 19:03 | Create | Villager (Male) |
| 19:12 | Build | Market |
| 19:15 | Create | Villager (Male) |
| 19:16 | Create | Villager (Male) |
| 19:18 | Build | House |
| 19:19 | Build | House |
| 19:54 | Build | House |
| 19:56 | Build | House |
| 19:57 | Build | House |
| 19:58 | Build | House |
| 20:00 | Create | Villager (Male) |
| 20:00 | Create | Villager (Male) |
| 20:30 | Build | Farm |
| 20:35 | Build | Farm |
| 20:45 | Create | Villager (Male) |
| 22:24 | Research | Castle Age |
| 22:39 | Research | Gold Mining |
| 22:40 | Research | Stone Mining |
| 24:00 | Create | Villager (Male) |
| 24:00 | Create | Villager (Male) |
| 25:11 | Research | Heavy Plow |
| 25:14 | Research | Bow Saw |
| 25:15 | Research | Stone Shaft Mining |
| 25:37 | Build | Monastery |
| 25:41 | Build | Farm |
| 25:50 | Create | Villager (Male) |
| 25:50 | Create | Villager (Male) |
| 25:50 | Create | Villager (Male) |
| 26:15 | Build | Monastery |
| 26:19 | Create | Villager (Male) |
| 26:20 | Create | Villager (Male) |
| 26:54 | Build | Monastery |
| 27:22 | Build | Town Center |
| 27:25 | Create | Monk |
| 27:26 | Create | Monk |
| 27:32 | Build | Farm |
| 27:44 | Create | Villager (Male) |
| 27:45 | Create | Villager (Male) |
| 27:45 | Create | Villager (Male) |
| 27:58 | Build | Farm |
| 28:35 | Create | Monk |
| 28:35 | Create | Monk |
| 28:55 | Build | Mule Cart |
| 28:56 | Create | Monk |
| 31:08 | Create | Villager (Male) |
| 31:08 | Create | Villager (Male) |
| 31:08 | Create | Villager (Male) |
| 31:09 | Create | Villager (Male) |
| 31:09 | Create | Villager (Male) |
| 31:09 | Create | Villager (Male) |
| 31:42 | Create | Villager (Male) |
| 31:42 | Create | Villager (Male) |
| 31:42 | Create | Villager (Male) |
| 31:42 | Create | Villager (Male) |
| 31:53 | Build | Town Center |
| 31:57 | Create | Villager (Male) |
| 31:57 | Create | Villager (Male) |
| 31:57 | Create | Villager (Male) |
| 31:58 | Create | Villager (Male) |
| 31:58 | Create | Villager (Male) |
| 31:58 | Create | Villager (Male) |
| 32:22 | Create | Villager (Male) |
| 32:22 | Create | Villager (Male) |
| 32:23 | Create | Villager (Male) |
| 32:23 | Create | Villager (Male) |
| 32:25 | Create | Villager (Male) |
| 32:25 | Create | Villager (Male) |
| 32:25 | Create | Villager (Male) |
| 32:26 | Create | Villager (Male) |
| 32:43 | Research | Fletching |
| 32:43 | Research | Padded Archer Armor |
| 32:44 | Research | Chain Barding Armor |
| 33:06 | Build | Town Center |
| 33:08 | Create | Villager (Male) |
Build order — lord_suffer
First 150 of 353 actions detected
| 0:01 | Create | Villager (Male) |
| 0:01 | Create | Villager (Male) |
| 0:01 | Create | Villager (Male) |
| 0:02 | Create | Villager (Male) |
| 0:03 | Build | House |
| 0:05 | Build | House |
| 1:36 | Create | Villager (Male) |
| 2:51 | Create | Villager (Male) ×3 |
| 2:52 | Create | Villager (Male) ×3 |
| 3:15 | Create | Villager (Male) |
| 3:16 | Create | Villager (Male) |
| 3:26 | Build | Lumber Camp |
| 3:55 | Create | Villager (Male) |
| 3:55 | Create | Villager (Male) |
| 4:19 | Build | House |
| 4:37 | Create | Villager (Male) |
| 5:53 | Create | Villager (Male) |
| 6:27 | Build | Mill |
| 6:30 | Create | Villager (Male) |
| 7:30 | Create | Villager (Male) |
| 7:30 | Create | Villager (Male) |
| 7:30 | Create | Villager (Male) |
| 7:31 | Create | Villager (Male) |
| 7:38 | Build | House |
| 8:18 | Build | Mill |
| 8:43 | Build | House |
| 8:51 | Create | Villager (Male) |
| 9:31 | Research | Feudal Age |
| 9:43 | Build | Mining Camp |
| 11:00 | Build | House |
| 11:46 | Age | Feudal Age |
| 11:49 | Build | Market |
| 12:09 | Build | Blacksmith |
| 12:19 | Build | House |
| 12:29 | Create | Villager (Male) |
| 12:50 | Research | Castle Age |
| 13:25 | Build | Mining Camp |
| 14:07 | Create | Villager (Male) |
| 14:07 | Create | Villager (Male) |
| 14:07 | Create | Villager (Male) |
| 14:31 | Build | Farm |
| 14:32 | Build | Farm |
| 14:33 | Build | Farm |
| 14:36 | Research | Double-Bit Axe |
| 15:00 | Build | Farm |
| 15:06 | Research | Loom |
| 15:07 | Create | Villager (Male) |
| 15:07 | Create | Villager (Male) |
| 15:07 | Create | Villager (Male) |
| 15:34 | Age | Castle Age |
| 15:36 | Build | Town Center |
| 15:46 | Create | Villager (Male) |
| 15:46 | Create | Villager (Male) |
| 15:47 | Create | Villager (Male) |
| 15:47 | Create | Villager (Male) |
| 16:19 | Build | Town Center |
| 16:38 | Research | Wheelbarrow |
| 17:31 | Create | Villager (Male) |
| 17:31 | Create | Villager (Male) |
| 17:32 | Create | Villager (Male) |
| 17:32 | Create | Villager (Male) |
| 17:50 | Create | Villager (Male) |
| 17:50 | Create | Villager (Male) |
| 17:51 | Create | Villager (Male) |
| 18:12 | Build | Farm |
| 18:12 | Build | Farm |
| 18:13 | Build | Farm |
| 18:14 | Build | Farm |
| 18:19 | Create | Villager (Male) |
| 18:19 | Create | Villager (Male) |
| 18:20 | Create | Villager (Male) |
| 18:20 | Create | Villager (Male) |
| 18:51 | Create | Villager (Male) |
| 19:05 | Build | House |
| 19:11 | Build | Barracks |
| 19:28 | Create | Villager (Male) ×5 |
| 19:53 | Build | House |
| 19:57 | Build | House |
| 20:03 | Create | Villager (Male) |
| 20:35 | Create | Spearman |
| 20:35 | Create | Spearman |
| 20:35 | Create | Spearman |
| 20:47 | Research | Stone Mining |
| 20:50 | Create | Villager (Male) |
| 21:16 | Build | Archery Range |
| 21:22 | Build | Stable |
| 21:35 | Build | Farm |
| 21:36 | Build | Farm |
| 21:50 | Create | Villager (Male) |
| 21:50 | Create | Villager (Male) |
| 21:50 | Create | Villager (Male) |
| 22:00 | Build | Farm |
| 22:32 | Build | Castle |
| 22:48 | Create | Villager (Male) |
| 22:48 | Create | Villager (Male) |
| 22:49 | Create | Villager (Male) |
| 22:49 | Create | Villager (Male) |
| 22:49 | Create | Villager (Male) |
| 23:23 | Research | Fletching |
| 23:42 | Build | Monastery |
| 24:12 | Create | Mangudai ×4 |
| 24:24 | Build | Mining Camp |
| 24:28 | Create | Villager (Male) |
| 24:29 | Create | Villager (Male) |
| 24:40 | Research | Padded Archer Armor |
| 25:04 | Create | Villager (Male) |
| 25:04 | Create | Villager (Male) |
| 25:13 | Build | Farm |
| 25:14 | Build | Farm |
| 25:14 | Build | Farm |
| 25:15 | Build | Farm |
| 25:15 | Build | Farm |
| 25:24 | Build | Farm |
| 25:28 | Create | Villager (Male) |
| 25:28 | Create | Villager (Male) |
| 25:28 | Create | Villager (Male) |
| 25:28 | Create | Villager (Male) |
| 25:50 | Create | Mangudai |
| 25:50 | Create | Mangudai |
| 25:58 | Research | Gold Mining |
| 26:12 | Create | Mangudai |
| 26:55 | Build | Farm |
| 26:56 | Build | Farm |
| 26:56 | Build | Farm |
| 26:57 | Build | Farm |
| 26:58 | Build | Farm |
| 27:00 | Create | Monk |
| 27:04 | Create | Villager (Male) ×5 |
| 27:05 | Create | Villager (Male) ×2 |
| 27:13 | Create | Mangudai ×2 |
| 27:42 | Build | University |
| 28:00 | Create | Villager (Male) |
| 28:00 | Create | Villager (Male) |
| 28:00 | Create | Villager (Male) |
| 28:57 | Create | Villager (Male) |
| 28:57 | Create | Villager (Male) |
| 28:57 | Create | Villager (Male) |
| 28:58 | Create | Villager (Male) |
| 28:58 | Create | Villager (Male) |
| 28:58 | Create | Villager (Male) |
| 28:59 | Create | Villager (Male) |
| 28:59 | Create | Villager (Male) |
| 29:01 | Research | Bodkin Arrow |
| 29:15 | Create | Mangudai ×5 |
| 29:15 | Create | Mangudai ×2 |
| 29:31 | Build | House |
| 29:31 | Build | House |
| 29:32 | Build | House |
| 29:32 | Build | House |
| 29:33 | Build | House |
Build order — PaperParrot9779
First 150 of 471 actions detected
| 0:03 | Create | Villager (Male) |
| 0:03 | Create | Villager (Male) |
| 0:06 | Build | House |
| 0:08 | Build | House |
| 0:42 | Create | Villager (Male) |
| 0:43 | Create | Villager (Male) |
| 2:05 | Create | Villager (Male) |
| 2:06 | Create | Villager (Male) |
| 2:06 | Create | Villager (Male) |
| 3:03 | Build | Lumber Camp |
| 3:20 | Create | Villager (Male) |
| 3:20 | Create | Villager (Male) |
| 3:20 | Create | Villager (Male) |
| 3:21 | Create | Villager (Male) |
| 3:22 | Create | Villager (Male) |
| 4:35 | Build | House |
| 4:40 | Create | Villager (Male) |
| 4:43 | Create | Villager (Male) |
| 4:48 | Research | Loom |
| 5:25 | Create | Villager (Male) |
| 5:44 | Build | Mill |
| 5:55 | Create | Villager (Male) |
| 5:57 | Create | Villager (Male) |
| 6:55 | Build | Mill |
| 6:59 | Create | Villager (Male) |
| 7:00 | Create | Villager (Male) |
| 7:01 | Create | Villager (Male) |
| 7:08 | Build | House |
| 7:47 | Create | Villager (Male) |
| 7:47 | Create | Villager (Male) |
| 8:33 | Build | House |
| 8:57 | Create | Villager (Male) |
| 9:47 | Create | Villager (Male) |
| 9:48 | Create | Villager (Male) |
| 10:16 | Research | Feudal Age |
| 10:51 | Build | Barracks |
| 10:59 | Create | Villager (Male) |
| 12:10 | Build | House |
| 12:20 | Build | Mining Camp |
| 12:54 | Build | Blacksmith |
| 13:01 | Create | Villager (Male) |
| 13:01 | Create | Villager (Male) |
| 13:43 | Build | Market |
| 13:59 | Create | Villager (Male) |
| 14:08 | Research | Scale Barding Armor |
| 14:08 | Research | Forging |
| 14:37 | Research | Double-Bit Axe |
| 15:12 | Build | Stable |
| 15:21 | Build | Farm |
| 15:23 | Build | Farm |
| 15:38 | Create | Villager (Male) |
| 15:39 | Create | Villager (Male) |
| 15:49 | Build | Farm |
| 15:52 | Build | Farm |
| 16:06 | Build | Farm |
| 16:17 | Create | Scout Cavalry |
| 16:18 | Create | Scout Cavalry |
| 16:18 | Create | Scout Cavalry |
| 16:19 | Create | Scout Cavalry |
| 16:21 | Research | Bloodlines |
| 16:28 | Build | Farm |
| 16:42 | Build | Farm |
| 17:04 | Create | Villager (Male) |
| 17:10 | Build | Farm |
| 17:17 | Build | Farm |
| 17:22 | Build | House |
| 18:27 | Create | Villager (Male) |
| 18:29 | Create | Villager (Male) |
| 19:37 | Create | Villager (Male) |
| 19:37 | Create | Villager (Male) |
| 21:24 | Build | House |
| 21:26 | Build | House |
| 21:28 | Research | Castle Age |
| 21:51 | Build | Farm |
| 21:55 | Build | Farm |
| 21:58 | Build | Farm |
| 22:03 | Build | Farm |
| 22:04 | Build | Farm |
| 22:13 | Build | Farm |
| 22:13 | Build | Farm |
| 22:14 | Build | Farm |
| 22:18 | Build | Farm |
| 23:15 | Create | Villager (Male) |
| 24:14 | Build | Town Center |
| 24:25 | Build | Farm |
| 24:30 | Research | Bow Saw |
| 24:45 | Build | Town Center |
| 25:25 | Build | Town Center |
| 25:30 | Create | Villager (Male) |
| 25:31 | Create | Villager (Male) |
| 25:37 | Build | Farm |
| 25:48 | Research | Horse Collar |
| 26:00 | Create | Villager (Male) |
| 26:02 | Create | Villager (Male) |
| 26:02 | Create | Villager (Male) |
| 26:07 | Research | Chain Barding Armor |
| 26:09 | Research | Iron Casting |
| 26:12 | Research | Husbandry |
| 26:15 | Create | Camel Scout |
| 26:15 | Create | Camel Scout |
| 26:16 | Create | Camel Scout |
| 26:36 | Create | Villager (Male) |
| 26:36 | Create | Villager (Male) |
| 26:37 | Create | Villager (Male) |
| 26:43 | Build | Farm |
| 26:46 | Build | Farm |
| 26:50 | Build | Farm |
| 26:56 | Create | Villager (Male) |
| 26:58 | Create | Villager (Male) |
| 27:32 | Create | Villager (Male) |
| 27:33 | Create | Villager (Male) |
| 27:35 | Research | Town Watch |
| 27:49 | Create | Villager (Male) |
| 27:49 | Create | Villager (Male) |
| 28:18 | Build | Stable |
| 28:20 | Build | Stable |
| 28:22 | Build | Stable |
| 28:24 | Build | Stable |
| 28:35 | Create | Villager (Male) |
| 28:36 | Create | Villager (Male) |
| 28:36 | Create | Villager (Male) |
| 28:37 | Create | Villager (Male) |
| 28:37 | Create | Villager (Male) |
| 28:37 | Create | Villager (Male) |
| 29:28 | Create | Villager (Male) |
| 29:29 | Create | Villager (Male) |
| 30:26 | Build | Stable |
| 30:46 | Create | Villager (Male) |
| 30:46 | Create | Villager (Male) |
| 30:46 | Create | Villager (Male) |
| 30:47 | Create | Villager (Male) |
| 30:47 | Create | Villager (Male) |
| 30:47 | Create | Villager (Male) |
| 30:47 | Create | Villager (Male) |
| 30:48 | Create | Villager (Male) |
| 30:48 | Create | Villager (Male) |
| 30:49 | Create | Villager (Male) |
| 30:50 | Create | Villager (Male) |
| 30:50 | Create | Villager (Male) |
| 30:50 | Create | Villager (Male) |
| 30:51 | Create | Villager (Male) |
| 30:54 | Create | Camel Scout |
| 30:54 | Create | Camel Scout |
| 30:55 | Create | Camel Scout |
| 31:36 | Create | Villager (Male) |
| 31:42 | Build | House |
| 31:44 | Build | House |
| 31:46 | Build | House |
| 31:54 | Create | Camel Scout |
| 31:54 | Create | Camel Scout |
Build order — kiwishrew
First 150 of 227 actions detected
| 0:08 | Build | House |
| 0:18 | Create | Villager (Male) |
| 0:18 | Create | Villager (Male) |
| 0:18 | Create | Villager (Male) |
| 0:19 | Create | Villager (Male) |
| 1:39 | Build | Lumber Camp |
| 1:59 | Create | Villager (Male) |
| 2:06 | Build | House |
| 2:16 | Create | Villager (Male) |
| 2:49 | Create | Villager (Male) |
| 2:49 | Create | Villager (Male) |
| 4:12 | Create | Villager (Male) |
| 4:13 | Create | Villager (Male) |
| 4:13 | Create | Villager (Male) |
| 5:05 | Build | Mill |
| 5:59 | Build | Mill |
| 6:18 | Create | Villager (Male) |
| 6:18 | Create | Villager (Male) |
| 6:18 | Create | Villager (Male) |
| 6:19 | Create | Villager (Male) |
| 6:19 | Create | Villager (Male) |
| 6:27 | Build | House |
| 8:09 | Build | Mill |
| 8:32 | Create | Villager (Male) |
| 8:32 | Create | Villager (Male) |
| 8:32 | Create | Villager (Male) |
| 8:42 | Build | House |
| 9:42 | Build | Mining Camp |
| 10:03 | Create | Villager (Male) |
| 10:03 | Create | Villager (Male) |
| 12:08 | Research | Feudal Age |
| 13:36 | Create | Villager (Male) |
| 13:36 | Create | Villager (Male) |
| 13:36 | Create | Villager (Male) |
| 13:37 | Create | Villager (Male) |
| 13:37 | Create | Villager (Male) |
| 14:18 | Age | Feudal Age |
| 14:21 | Research | Horse Collar |
| 14:24 | Research | Double-Bit Axe |
| 14:56 | Build | House |
| 15:23 | Build | Farm |
| 15:28 | Build | Farm |
| 15:32 | Build | Farm |
| 15:38 | Build | Farm |
| 15:52 | Build | Farm |
| 15:58 | Build | Farm |
| 16:04 | Build | Farm |
| 17:14 | Build | Barracks |
| 17:41 | Research | Loom |
| 17:43 | Research | Wheelbarrow |
| 17:53 | Build | Mining Camp |
| 18:22 | Create | Spearman |
| 18:23 | Create | Spearman |
| 18:24 | Create | Spearman |
| 18:25 | Create | Spearman |
| 18:25 | Create | Spearman |
| 18:50 | Build | Blacksmith |
| 18:59 | Build | House |
| 20:14 | Create | Spearman |
| 20:14 | Create | Spearman |
| 20:17 | Create | Spearman |
| 21:32 | Build | House |
| 23:30 | Build | Farm |
| 23:46 | Build | Farm |
| 23:53 | Build | Farm |
| 24:04 | Research | Scale Mail Armor |
| 24:05 | Research | Forging |
| 24:10 | Create | Spearman |
| 24:10 | Create | Spearman |
| 24:10 | Create | Spearman |
| 24:48 | Create | Villager (Male) |
| 24:49 | Create | Villager (Male) |
| 24:49 | Create | Villager (Male) |
| 24:49 | Create | Villager (Male) |
| 24:49 | Create | Villager (Male) |
| 24:50 | Create | Villager (Male) |
| 24:50 | Create | Villager (Male) |
| 24:50 | Create | Villager (Male) |
| 24:51 | Create | Villager (Male) |
| 24:51 | Create | Villager (Male) |
| 24:51 | Create | Villager (Male) |
| 25:14 | Build | House |
| 25:23 | Build | House |
| 25:55 | Research | Arson |
| 26:05 | Research | Man-at-Arms (upgrade) |
| 26:06 | Create | Militia |
| 26:07 | Create | Militia |
| 26:07 | Create | Militia |
| 26:07 | Create | Militia |
| 26:07 | Create | Militia |
| 26:08 | Create | Militia |
| 26:55 | Research | Stone Mining |
| 26:56 | Research | Gold Mining |
| 27:59 | Build | Stable |
| 29:12 | Build | Stable |
| 29:59 | Research | Castle Age |
| 31:24 | Build | Stable |
| 31:55 | Research | Bloodlines |
| 32:08 | Build | House |
| 32:12 | Build | House |
| 32:32 | Build | Market |
| 32:39 | Age | Castle Age |
| 32:57 | Research | Husbandry |
| 33:20 | Build | House |
| 33:28 | Build | House |
| 33:38 | Build | House |
| 33:42 | Build | House |
| 33:50 | Build | House |
| 33:59 | Build | House |
| 34:11 | Build | House |
| 34:21 | Build | House |
| 34:31 | Build | House |
| 34:50 | Build | Mining Camp |
| 35:13 | Create | Camel Scout |
| 35:13 | Create | Camel Scout |
| 35:14 | Create | Camel Scout |
| 35:14 | Create | Camel Scout |
| 35:14 | Create | Camel Scout |
| 35:16 | Create | Camel Scout |
| 35:16 | Create | Camel Scout |
| 35:17 | Create | Camel Scout |
| 35:17 | Create | Camel Scout |
| 35:18 | Create | Camel Scout |
| 35:20 | Create | Camel Scout |
| 35:20 | Create | Camel Scout |
| 35:20 | Create | Camel Scout |
| 35:21 | Create | Camel Scout |
| 35:21 | Create | Camel Scout |
| 36:09 | Create | Camel Scout |
| 36:09 | Create | Camel Scout |
| 36:11 | Create | Camel Scout |
| 36:11 | Create | Camel Scout |
| 36:13 | Create | Camel Scout |
| 36:13 | Create | Camel Scout |
| 39:40 | Create | Camel Scout |
| 39:41 | Create | Camel Scout |
| 39:41 | Create | Camel Scout |
| 39:41 | Create | Camel Scout |
| 39:41 | Create | Camel Scout |
| 39:45 | Create | Camel Scout |
| 39:45 | Create | Camel Scout |
| 39:46 | Create | Camel Scout |
| 39:46 | Create | Camel Scout |
| 39:46 | Create | Camel Scout |
| 39:49 | Create | Camel Scout |
| 39:49 | Create | Camel Scout |
| 39:49 | Create | Camel Scout |
| 39:50 | Create | Camel Scout |
| 39:50 | Create | Camel Scout |
| 40:51 | Build | Farm |
Build order — Katatomii
First 150 of 270 actions detected
| 0:10 | Create | Villager (Male) |
| 0:10 | Create | Villager (Male) |
| 0:11 | Create | Villager (Male) |
| 0:11 | Create | Villager (Male) |
| 1:27 | Create | Villager (Male) |
| 1:27 | Create | Villager (Male) |
| 1:55 | Create | Villager (Male) |
| 2:10 | Create | Villager (Male) |
| 2:11 | Create | Villager (Male) |
| 2:45 | Create | Villager (Male) |
| 2:45 | Create | Villager (Male) |
| 2:55 | Create | Villager (Male) |
| 3:28 | Create | Villager (Male) |
| 3:28 | Create | Villager (Male) |
| 3:43 | Create | Villager (Male) |
| 5:01 | Create | Villager (Male) |
| 5:02 | Create | Villager (Male) |
| 5:02 | Create | Villager (Male) |
| 5:02 | Create | Villager (Male) |
| 5:54 | Create | Villager (Male) |
| 5:54 | Create | Villager (Male) |
| 5:54 | Create | Villager (Male) |
| 6:10 | Create | Villager (Male) |
| 6:10 | Create | Villager (Male) |
| 6:31 | Build | Mill |
| 6:35 | Create | Villager (Male) |
| 6:35 | Create | Villager (Male) |
| 7:03 | Build | Lumber Camp |
| 7:53 | Build | Mining Camp |
| 8:55 | Create | Villager (Male) |
| 8:55 | Create | Villager (Male) |
| 8:56 | Create | Villager (Male) |
| 8:56 | Create | Villager (Male) |
| 10:01 | Create | Villager (Male) |
| 10:01 | Create | Villager (Male) |
| 10:05 | Create | Villager (Male) |
| 11:38 | Research | Feudal Age |
| 11:55 | Create | Villager (Male) |
| 11:58 | Create | Villager (Male) |
| 11:58 | Create | Villager (Male) |
| 11:58 | Create | Villager (Male) |
| 11:58 | Create | Villager (Male) |
| 11:58 | Create | Villager (Male) |
| 13:37 | Build | Mining Camp |
| 13:46 | Build | Mining Camp |
| 13:51 | Research | Double-Bit Axe |
| 13:53 | Create | Villager (Male) |
| 13:53 | Create | Villager (Male) |
| 13:54 | Create | Villager (Male) |
| 13:54 | Create | Villager (Male) |
| 13:54 | Create | Villager (Male) |
| 13:55 | Create | Villager (Male) |
| 14:35 | Build | Stone Wall |
| 14:43 | Build | Stone Wall |
| 14:57 | Build | Stone Wall |
| 15:06 | Build | Stone Wall |
| 15:12 | Build | Stone Wall |
| 15:24 | Build | Building 490 |
| 15:35 | Build | Building 487 |
| 15:38 | Build | Building 487 |
| 17:00 | Build | Blacksmith |
| 17:17 | Build | Barracks |
| 18:43 | Build | Farm |
| 18:44 | Build | Farm |
| 18:44 | Build | Farm |
| 18:44 | Build | Farm |
| 18:44 | Build | Farm |
| 18:44 | Build | Farm |
| 18:45 | Build | Farm |
| 18:45 | Build | Farm |
| 18:45 | Build | Farm |
| 18:46 | Build | Farm |
| 18:46 | Build | Farm |
| 18:47 | Build | Farm |
| 18:47 | Build | Farm |
| 18:48 | Build | Farm |
| 18:48 | Build | Farm |
| 18:48 | Build | Farm |
| 19:40 | Build | Stable |
| 19:43 | Build | Stable |
| 20:01 | Build | Lumber Camp |
| 20:19 | Research | Loom |
| 21:33 | Build | Stone Wall |
| 21:39 | Build | Building 487 |
| 22:01 | Create | Villager (Male) |
| 22:01 | Create | Villager (Male) |
| 23:03 | Create | Villager (Male) |
| 23:04 | Create | Villager (Male) |
| 23:05 | Create | Villager (Male) |
| 23:05 | Create | Villager (Male) |
| 23:05 | Create | Villager (Male) |
| 23:30 | Build | Mill |
| 23:35 | Build | Farm |
| 23:36 | Build | Farm |
| 23:36 | Build | Farm |
| 23:36 | Build | Farm |
| 23:37 | Build | Farm |
| 23:37 | Build | Farm |
| 23:38 | Build | Farm |
| 23:41 | Build | Farm |
| 23:42 | Build | Farm |
| 24:18 | Research | Horse Collar |
| 24:46 | Create | Villager (Male) |
| 24:46 | Create | Villager (Male) |
| 25:23 | Create | Villager (Male) |
| 25:23 | Create | Villager (Male) |
| 25:24 | Create | Villager (Male) |
| 26:07 | Create | Villager (Male) |
| 26:08 | Create | Villager (Male) |
| 26:08 | Create | Villager (Male) |
| 26:08 | Create | Villager (Male) |
| 27:19 | Build | Stone Wall |
| 27:27 | Build | Stone Wall |
| 27:35 | Build | Building 490 |
| 27:38 | Build | Building 490 |
| 27:58 | Build | Stone Wall |
| 28:05 | Create | Villager (Male) |
| 28:05 | Create | Villager (Male) |
| 28:06 | Create | Villager (Male) |
| 28:06 | Create | Villager (Male) |
| 28:06 | Create | Villager (Male) |
| 28:06 | Create | Villager (Male) |
| 28:07 | Create | Villager (Male) |
| 28:07 | Create | Villager (Male) |
| 28:07 | Create | Villager (Male) |
| 30:42 | Build | Stone Wall |
| 31:06 | Build | Mining Camp |
| 31:17 | Create | Villager (Male) |
| 31:18 | Create | Villager (Male) |
| 31:20 | Create | Villager (Male) |
| 31:30 | Build | Farm |
| 31:33 | Build | Farm |
| 31:33 | Build | Farm |
| 31:36 | Build | Farm |
| 31:37 | Build | Farm |
| 31:43 | Build | Farm |
| 31:52 | Build | Farm |
| 32:09 | Build | Lumber Camp |
| 32:28 | Build | Building 490 |
| 32:39 | Build | Stone Wall |
| 33:04 | Build | Stone Wall |
| 33:17 | Build | Building 490 |
| 33:58 | Build | Stone Wall |
| 34:31 | Build | Stone Wall |
| 34:41 | Build | Building 490 |
| 34:52 | Build | Building 490 |
| 36:56 | Build | Market |
| 37:35 | Research | Castle Age |
| 37:39 | Research | Forging |
| 37:40 | Research | Scale Barding Armor |
Match timeline
| 10:48 | MotteGorilla14 · first_building Barracks |
| 10:51 | PaperParrot9779 · first_building Barracks |
| 11:46 | lord_suffer · age_up feudal |
| 11:55 | MotteGorilla14 · first_building Stable |
| 14:18 | kiwishrew · age_up feudal |
| 14:35 | Katatomii · wall_segment Stone Wall x10 |
| 14:43 | Katatomii · wall_segment Stone Wall x21 |
| 14:57 | Katatomii · wall_segment Stone Wall x9 |
| 15:06 | Katatomii · wall_segment Stone Wall x8 |
| 15:12 | PaperParrot9779 · first_building Stable |
| 15:12 | Katatomii · wall_segment Stone Wall x14 |
| 15:34 | lord_suffer · age_up castle |
| 17:14 | kiwishrew · first_building Barracks |
| 17:17 | Katatomii · first_building Barracks |
| 19:11 | lord_suffer · first_building Barracks |
| 19:40 | Katatomii · first_building Stable |
| 21:16 | lord_suffer · first_building Archery Range |
| 21:22 | lord_suffer · first_building Stable |
| 21:25 | BabyLeon2021 · first_market_buy 100 wood |
| 21:33 | Katatomii · wall_segment Stone Wall x11 |
| 22:32 | lord_suffer · first_building Castle |
| 23:42 | lord_suffer · first_building Monastery |
| 25:09 | PaperParrot9779 · first_market_buy 100 stone |
| 25:37 | MotteGorilla14 · first_building Monastery |
| 27:19 | Katatomii · wall_segment Stone Wall x5 |
| 27:27 | Katatomii · wall_segment Stone Wall x21 |
| 27:58 | Katatomii · wall_segment Stone Wall x3 |
| 27:59 | kiwishrew · first_building Stable |
| 28:20 | BabyLeon2021 · first_building Castle |
| 28:50 | MotteGorilla14 · first_market_buy 100 wood |
| 29:13 | BabyLeon2021 · first_building Barracks |
| 30:42 | Katatomii · wall_segment Stone Wall x17 |
| 32:39 | kiwishrew · age_up castle |
| 32:39 | Katatomii · wall_segment Stone Wall x10 |
| 33:04 | Katatomii · wall_segment Stone Wall x23 |
| 33:58 | Katatomii · wall_segment Stone Wall x14 |
| 34:31 | Katatomii · wall_segment Stone Wall x10 |
| 35:26 | PaperParrot9779 · first_building Castle |
| 36:26 | kiwishrew · first_market_sell 100 stone |
| 36:32 | kiwishrew · first_market_buy 100 food |
| 37:40 | MotteGorilla14 · first_building Archery Range |
| 38:41 | lord_suffer · age_up imperial |
| 40:12 | lord_suffer · first_market_buy 100 stone |
| 41:59 | PaperParrot9779 · tribute_sent a jugador 1 |
| 41:59 | PaperParrot9779 · tribute_sent a jugador 2 |
| 41:59 | PaperParrot9779 · tribute_sent a jugador 4 |
| 41:59 | PaperParrot9779 · tribute_sent a jugador 5 |
| 41:59 | PaperParrot9779 · tribute_sent a jugador 6 |
| 42:28 | lord_suffer · first_market_sell 100 wood |
| 42:35 | PaperParrot9779 · first_building Siege Workshop |
| 44:10 | MotteGorilla14 · first_building Siege Workshop |
| 44:14 | PaperParrot9779 · first_building Archery Range |
| 45:19 | Katatomii · wall_segment Stone Wall x2 |
| 45:27 | Katatomii · wall_segment Stone Wall x1 |
| 46:05 | Katatomii · first_building Castle |
| 46:23 | lord_suffer · first_building Siege Workshop |
| 49:45 | BabyLeon2021 · tribute_sent a jugador 1 |
| 49:45 | BabyLeon2021 · tribute_sent a jugador 2 |
| 49:45 | BabyLeon2021 · tribute_sent a jugador 3 |
| 49:45 | BabyLeon2021 · tribute_sent a jugador 4 |
| 49:45 | BabyLeon2021 · tribute_sent a jugador 6 |
| 59:40 | Katatomii · wall_segment Stone Wall x16 |
| 61:13 | MotteGorilla14 · first_building Castle |
| 61:59 | Katatomii · wall_segment Stone Wall x3 |
| 62:30 | PaperParrot9779 · first_market_sell 100 wood |
| 62:31 | Katatomii · wall_segment Stone Wall x7 |
| 62:44 | Katatomii · wall_segment Stone Wall x6 |
| 64:00 | BabyLeon2021 · tribute_sent a jugador 1 |
| 64:00 | BabyLeon2021 · tribute_sent a jugador 2 |
| 64:00 | BabyLeon2021 · tribute_sent a jugador 3 |
| 64:00 | BabyLeon2021 · tribute_sent a jugador 4 |
| 64:00 | BabyLeon2021 · tribute_sent a jugador 6 |
| 66:09 | BabyLeon2021 · first_market_sell 500 wood |
| 72:31 | Katatomii · resign |
[ AI ANALYSIS · 1 CREDIT ]
What really happened in this match?
Wolo.gg analyzes every decision: build order, eco, micro, common mistakes by bracket. Personalized analysis on WhatsApp or Discord in 30 seconds.
Civ guide
Burmese
Map guide
MegaRandom
Perfil
BabyLeon2021